 Dungeon Crawl Stone Soup version 0.29.0-5-ge4962eb29e (console) character file.

Game seed: 515624839960832192

11 toxicsyntax the Trooper (level 2, -6/19 HPs)
             Began as a Gargoyle Monk on Aug 29, 2022.
             Mangled by a goblin
             ... wielding a +1 dagger of distortion
              (17 damage)
             ... on level 1 of the Dungeon.
             The game lasted 00:02:02 (547 turns).

toxicsyntax the Trooper (Gargoyle Monk)              Turns: 547, Time: 00:02:03

Health: -6/19      AC:  5    Str: 14    XL:     2   Next: 29%
Magic:  2/2        EV: 12    Int: 10    God:
Gold:   26         SH:  0    Dex: 12    Spells: 1/1 levels left

rFire   . . .      SeeInvis .   a - +0 mace
rCold   . . .      Faith    .   (no shield)
rNeg    + . .      Spirit   .   f - +0 leather armour
rPois   ∞          Reflect  .   (no helmet)
rElec   +          Harm     .   (no cloak)
rCorr   .          Rampage  .   (no gloves)
Will    .....                   (no boots)
Stlth   ++........              (no amulet)
HPRegen 0.06/turn               (no ring)
MPRegen 0.08/turn               (no ring)

@: no status effects
A: sickness immunity, AC +2, negative energy resistance 1, electricity
resistance, torment resistance 1, petrification resistance
a: no special abilities


You were on level 1 of the Dungeon.
You visited 1 branch of the dungeon, and saw 1 of its levels.

You collected 26 gold pieces.

Inventory:

Hand Weapons
 a - a +0 mace (weapon)
Armour
 f - a +0 leather armour (worn)
Scrolls
 b - a scroll of poison {unknown}
Potions
 c - a potion of ambrosia
 d - a potion of mutation {unknown}
 e - a potion of might {unknown}


   Skills:
 + Level 3.5 Fighting
 * Level 3.3 Maces & Flails
 + Level 0.8 Armour
 - Level 2.4 Dodging
 - Level 2.1 Stealth


You had one spell level left.
You didn't know any spells.
Your spell library contained the following spells:

 Spells                   Type           Power      Damage    Failure   Level
 Conjure Flame            Conj/Fire      0%         6-21      80%         3
 Dazzling Flash           Conj/Hex       0%         N/A       80%         3
 Ignite Poison            Fire/Tmut/Pois 0%         N/A       80%         3
 Iskenderun's Mystic Bla  Conj/Tloc      0%         2d3       99%         4
 Sticky Flame             Conj/Fire      0%         2d3       99%         4
 Starburst                Conj/Fire      0%         6d3       100%        6


Dungeon Overview and Level Annotations

Branches:
Dungeon (1/15)

Altars:


Innate Abilities, Weirdness & Mutations

You are immune to sickness and miasma.
Your stone body is resilient. (AC +2)
You are immune to poison.
You resist negative energy. (rN+)
You are resistant to electric shocks. (rElec)
You are resistant to unholy torment.
You are immune to petrification.


Message History

A quokka is nearby!
You hit the quokka.
The quokka is severely wounded.
The quokka bites you.
You barely miss the quokka.
The quokka is severely wounded.
The quokka bites you. x2
You are too injured to fight recklessly!
You are too injured to fight recklessly!
You are too injured to fight recklessly!
You are too injured to fight recklessly!
You hit the quokka.
You kill the quokka!
You see here a quokka corpse.
As you open the door, it creaks loudly!
You now have 26 gold pieces (gained 10).
You open the door.
A goblin comes into view.
It is wielding a +1 dagger of distortion.
Unknown command.
Unknown command.
The goblin shouts!
The goblin hits you with a +1 dagger of distortion.
Space warps around you.
You hit the goblin.
The goblin is moderately wounded.
The goblin closely misses you.
You closely miss the goblin.
The goblin is moderately wounded.
The goblin hits you with a +1 dagger of distortion.
You hit the goblin.
The goblin is severely wounded.
The goblin barely misses you.
You closely miss the goblin.
The goblin is severely wounded.
The goblin closely misses you. x2
You barely miss the goblin.
The goblin is severely wounded.
The goblin hits you but does no damage. Space warps horribly around you!
Ouch! That really hurt!
You die...

...#. ....## #....# #
##+#+#####....### ##
..... ..........+ ...
###... > .........# ....
#.#..#.#. #....#.# .....
#.#..#.#.#####.....
......#.#................
......'g@....#.....####..
......#.#..#.'.....####..
......#.#..###.....##....
###+###.#..###...).##....
.................).##....
###.###............''....
#...'............##....
#.###...####.....###...
#...# #####.#.....
#.###...# ######.#.....
#.......###......#.....


You could see a goblin.

Vanquished Creatures
  An endoplasm (D:1)
  A goblin (D:1)
  A hobgoblin (D:1)
  2 kobolds (D:1)
  A quokka (D:1)
  A ball python (D:1)
  A bat (D:1)
  A frilled lizard (D:1)
  2 rats (D:1)
11 creatures vanquished.

Notes
Turn   | Place    | Note
-------+----------+-------------------------------------------
     0 | D:1      | toxicsyntax the Gargoyle Monk began the quest for the Orb.
     0 | D:1      | Reached XP level 1. HP: 14/14 MP: 1/1
   310 | D:1      | Reached XP level 2. HP: 19/19 MP: 2/2
   547 | D:1      | Mangled by a goblin

Illustrated notes

Levels and vault maps discovered:
D:1:      dpeg_arrival_lava_temple_mockup, layout_basic

Action                   || total
-------------------------++-------
Melee: Mace              ||    37
       Punch             ||     1
 Stab: Sleeping          ||     1
Armor: Leather armour    ||    13
Dodge: Dodged            ||    20
